 Dungeon Crawl Stone Soup version 0.31-a0-157-g0643eb4156 (webtiles) character file.

Game seed: 18329139359058363978

101 qw the Shooter (level 4, -1/28 HPs)
             Began as a Gargoyle Hunter on June 12, 2023.
             Slain by an orc
             ... wielding a +1 short sword of freezing
              (2 damage)
             ... on level 3 of the Dungeon.
             The game lasted 00:00:44 (1786 turns).

qw the Shooter (Gargoyle Hunter)                    Turns: 1786, Time: 00:00:45

Health: -1/28      AC: 10    Str: 14    XL:     4   Next: 75%
Magic:  4/4        EV: 10    Int: 10    God:
Gold:   160        SH:  0    Dex: 15    Spells: 3/3 levels left

rFire   . . .        Y - +0 shortbow
rCold   . . .        (shield currently unavailable)
rNeg    + . .        j - +0 ring mail
rPois   inf          (no helmet)
rElec   +            (no cloak)
rCorr   +            (no gloves)
SInv    .            l - +1 pair of boots
Will    .....        (no amulet)
Stlth   +            h - ring of resist corrosion
HPRegen 0.24/turn    (no ring)
MPRegen 0.09/turn

%: no passive effects
@: about to teleport
A: sickness immunity, AC +3, negative energy resistance 1, electricity
resistance, torment resistance 1, petrification resistance
a: no special abilities


You were on level 3 of the Dungeon.
You visited 1 branch of the dungeon, and saw 3 of its levels.

You collected 250 gold pieces.
You spent 90 gold pieces at shops.


Innate Abilities, Weirdness & Mutations

You are immune to sickness and miasma.
Your stone body is resilient. (AC +3)
You are immune to poison.
You resist negative energy. (rN+)
You are resistant to electric shocks. (rElec)
You are resistant to unholy torment.
You are immune to petrification.


   Skills:
 - Level 3.0 Fighting
 + Level 5.5 Ranged Weapons
 - Level 1.0 Armour
 - Level 1.5 Dodging
 - Level 1.1 Stealth


You had 3 spell levels left.
You didn't know any spells.
Your spell library was empty.

Inventory:

Hand Weapons
 Y - a +0 shortbow (weapon)
Armour
 j - a +0 ring mail (worn)
 l - a +1 pair of boots (worn)
Jewellery
 h - a ring of resist corrosion (left hand)
Scrolls
 a - 2 scrolls of identify
 k - 3 scrolls of teleportation
Potions
 b - 2 potions of degeneration {unknown}
 c - a potion of berserk rage {unknown}
 d - a potion of enlightenment {unknown}
 e - a potion of cancellation
 i - a potion of curing {unknown}
 n - a potion of attraction {unknown}

Dungeon Overview and Level Annotations

Branches:
Dungeon (3/15)

Altars:
Sif Muna

Shops:
D:2 *


Message History

You shoot an arrow.
The arrow closely misses the orc wizard.
The arrow hits the orc!
You kill the orc!
The orc wizard hits you with a +0 dagger.
You shoot an arrow. The arrow hits the orc wizard.
The orc wizard is severely wounded.
You hear a shout!
An orc comes into view.
It is wielding a +2 flail of protection.
The orc wizard points at you and mumbles some strange words.
The magic dart hits you.
An orc comes into view. It is wielding a +0 hand axe.
The orc wizard points at you and mumbles some strange words.
The puff of flame hits you.
The orc shouts!
You shoot an arrow. The arrow hits the orc wizard!
You kill the orc wizard!
You shoot an arrow. The arrow hits the orc.
The orc is moderately wounded.
A quokka comes into view.
You shoot an arrow. The arrow closely misses the orc.
The orc hits you but does no damage.
You shoot an arrow. The arrow hits the orc.
The orc is heavily wounded.
The orc hits you with a +2 flail of protection!
You shoot an arrow. The arrow barely misses the orc.
The arrow hits the orc but does no damage.
The orc is moderately wounded.
The orc hits you with a +2 flail of protection.
1784 ||| READING 4 scrolls of teleportation.
As you read the scroll of teleportation, it crumbles to dust.
You feel strangely unstable. The orc barely misses you.
You shoot an arrow. The arrow hits the orc!
You kill the orc!
You shoot an arrow. The arrow hits the orc!
You kill the orc!
The orc hits you with a +1 short sword of freezing.
The orc freezes you.
You die...

..# # ..!
#### .$
###... ..
####...##
###.
#....###
#r. #.####
#o# ##.#
#@# #..#
#.#
#####.##
### #.#
#.....# #.#
#.###.#####
#.#
####.##..#
#.#
#.......##
#.##
#.....)##
###...
#......#
####....#
########
#....#.##


You could see an orc and a quokka.

Vanquished Creatures
  An orc wizard (D:3)
  An adder (D:3)
  A worm (D:2)
  A dart slug (D:3)
  4 orcs
  8 bats
  5 endoplasms
  4 giant cockroaches
  4 goblins
  5 hobgoblins
  3 jackals (D:3)
  2 quokkas (D:1)
  3 ball pythons
  5 frilled lizards
  3 kobolds
  4 rats (D:1)
54 creatures vanquished.

Notes
Turn   | Place    | Note
-------+----------+-------------------------------------------
     0 | D:1      | qw the Gargoyle Hunter began the quest for the Orb.
     0 | D:1      | Reached XP level 1. HP: 12/12 MP: 1/1
     0 | D:1      | 0 ||| qw: Version: 0.2-a-29-gc1b59c4
     0 | D:1      | 0 ||| qw: Game counter: 4119
     0 | D:1      | 0 ||| qw: Always use a shield: true
     0 | D:1      | 0 ||| qw: God list: Okawaru
     0 | D:1      | 0 ||| qw: Allow faded altars: false
     0 | D:1      | 0 ||| qw: Do Orc after D:15 true
     0 | D:1      | 0 ||| qw: Do second Lair branch before Depths: true
     0 | D:1      | 0 ||| qw: Lair rune preference: random
     0 | D:1      | 0 ||| qw: Plans: Normal, Zot:1-4, Slime:5, God:TSO, Crypt,
                  | Tomb, Abyss, Pan, Hells, Win
     0 | D:1      | 0 ||| PLANNING D:1-11
    66 | D:1      | Reached XP level 2. HP: 17/17 MP: 2/2
   427 | D:1      | Reached XP level 3. HP: 21/21 MP: 3/3
   613 | D:1      | Reached skill level 5 in Ranged Weapons
   645 | D:1      | 645 ||| UPGRADING to ring of resist corrosion.
   646 | D:1      | 646 ||| READING 4 scrolls labelled SOR RADINLOLUCW.
   647 | D:1      | 647 ||| READING scroll labelled CEXZIEGHAPS.
   648 | D:1      | 648 ||| READING scroll labelled VOSESOG BYPLU.
   651 | D:1      | 651 ||| READING 3 scrolls of identify.
   651 | D:1      | 651 ||| IDENTIFYING fuming sapphire potion
   652 | D:1      | 652 ||| READING 2 scrolls of identify.
   652 | D:1      | 652 ||| IDENTIFYING golden potion
   653 | D:1      | 653 ||| DROPPING scroll of butterflies.
   654 | D:1      | 654 ||| DROPPING potion of brilliance.
   901 | D:2      | Found Idiemim's General Store.
   917 | D:2      | 917 ||| SHOPLISTING 2 potions of cancellation (160 gold,
                  | have 96).
   917 | D:2      | 917 ||| BUYING 3 scrolls of teleportation (90 gold).
   917 | D:2      | Bought 3 scrolls of teleportation for 90 gold pieces
   917 | D:2      | 917 ||| SHOPLISTING scroll of enchant armour (75 gold, have
                  | 6).
   917 | D:2      | 917 ||| SHOPLISTING scroll of identify (20 gold, have 6).
  1362 | D:2      | 1362 ||| UPGRADING to +0 ring mail.
  1372 | D:2      | 1372 ||| DROPPING +0 leather armour.
  1373 | D:2      | 1373 ||| UPGRADING to +0 pair of boots.
  1378 | D:2      | 1378 ||| READING scroll of enchant armour.
  1378 | D:2      | 1378 ||| ENCHANTING +0 pair of boots.
  1379 | D:2      | 1379 ||| READING 2 scrolls labelled REFEF DIADE.
  1380 | D:2      | 1380 ||| READING scroll labelled FIEGGE DASKEL.
  1395 | D:2      | 1395 ||| READING scroll labelled ATHAMI TEPP.
  1396 | D:2      | 1396 ||| DROPPING scroll of magic mapping.
  1544 | D:3      | Reached skill level 1 in Armour
  1607 | D:3      | Reached XP level 4. HP: 27/27 MP: 4/4
  1612 | D:3      | Reached skill level 3 in Fighting
  1652 | D:3      | Found a shimmering blue altar of Sif Muna.
  1783 | D:3      | HP: 4/28 [orc/+2 flail of protection (6)]
  1784 | D:3      | 1784 ||| READING 4 scrolls of teleportation.
  1786 | D:3      | HP: 1/28 [orc/+1 short sword of freezing (4)]
  1786 | D:3      | Slain by an orc

Levels and vault maps discovered:
D:1:      amcnicky_arrival_wind_blow, layout_loops_cross, corexii_corridor_pit
D:2:      wander_river, layout_basic, serial_shops, shop_coins, minmay_distorted
D:3:      layout_rooms, amcnicky_altar_gilded

Skill      XL: |  1  2  3  4 |
---------------+-------------+-----
Ranged Weapons | 5 |  5.5
Armour         | 1 |  1.0
Fighting       | 3 |  3.0
Dodging        | |  1.5
Stealth        | |  1.1

Action                     |  1- 3 |  4- 6 || total
---------------------------+-------+-------++-------
   Fire: Shortbow          |   134 |    31 ||   165
    Use: Scroll            |     9 |     1 ||    10
 Armour: Leather armour    |     8 |       ||     8
         Ring mail         |    52 |    15 ||    67
  Dodge: Dodged            |    68 |    13 ||    81

Table legend:
 A = Non-vault XP
 B = Vault XP
 C = Vault XP percentage of total XP
 D = Non-vault monster count
 E = Vault monster count
 F = Vault count percentage of total count
                 A         B        C        D         E       F
            +---------+---------+-------+---------+---------+-------
      Total |     143 |       5 |   3.4 |      51 |       3 |   5.6
            +---------+---------+-------+---------+---------+-------
        D:1 |      40 |       0 |   0.0 |      25 |       0 |   0.0
        D:2 |      16 |       5 |  23.8 |       6 |       3 |  33.3
        D:3 |      87 |       0 |   0.0 |      20 |       0 |   0.0
            +---------+---------+-------+---------+---------+-------
